 Dungeon Crawl Stone Soup version 0.27-a0-1423-ge5d6b6ab6a (webtiles) character file.

Game seed: 14777138255826265972

2604 Froggeryz the Covert (level 9, -4/56 HPs)
             Began as an Octopode Berserker on July 2, 2021.
             Was a High Priest of Trog.
             Slain by an orc warrior (17 damage)
             ... on level 7 of the Dungeon.
             The game lasted 00:07:08 (6901 turns).

Froggeryz the Covert (Octopode Berserker)           Turns: 6901, Time: 00:07:09

Health: -4/56      AC:  1    Str: 16    XL:     9   Next: 59%
Magic:  9/9        EV: 19    Int:  9    God:    Trog [*****.]
Gold:   231        SH:  0    Dex: 15    Spells: 8/8 levels left

rFire    + . .     SeeInvis .   l - +1 dagger (drain)
rCold    . . .     Faith    +   (no shield)
rNeg     . . .     Spirit   .   (helmet restricted)
rPois    +         Reflect  .   o - amulet of faith
rElec    .         Harm     .   i - ring of poison resistance
rCorr    .         Rampage  .   k - +4 ring of evasion
Will     .....                  w - ring of protection from fire
Stlth    +++++.....             (no ring)
HPRegen  0.18/turn              (no ring)
MPRegen  0.11/turn              (no ring)
                                (no ring)
                                (no ring)

@: about to teleport, on berserk cooldown, slowed, very slow
A: almost no armour, amphibious, 8 rings, camouflage 1, gelatinous body 1,
(nimble swimmer 1), tentacles
a: Renounce Religion, Berserk, Trog's Hand, Brothers in Arms


You were on level 7 of the Dungeon.
You worshipped Trog.
Trog was extremely pleased with you.
You visited 1 branch of the dungeon, and saw 7 of its levels.
You also visited: Sewer.

You collected 348 gold pieces.
You spent 117 gold pieces at shops.

Inventory:

Hand Weapons
 l - a +1 dagger of draining (weapon)
Missiles
 f - 82 poisoned darts (quivered)
 s - a curare-tipped dart
 t - 2 throwing nets
Jewellery
 i - a ring of poison resistance (left tentacle)
 k - a +4 ring of evasion (right tentacle)
 o - an amulet of faith (around mantle)
 q - a +6 ring of dexterity
 w - a ring of protection from fire (on tentacle)
Scrolls
 c - a scroll of enchant armour
 g - 6 scrolls of teleportation
 h - 3 scrolls of fear
 j - 4 scrolls of identify
 p - a scroll of immolation {unknown}
Potions
 a - 2 potions of heal wounds
 b - 4 potions of curing
 d - a potion of haste
 e - 3 potions of flight
 m - 3 potions of might
 n - a potion of ambrosia
 r - 3 potions of magic {unknown}
 v - a potion of cancellation {unknown}


   Skills:
 - Level 3.0 Fighting
 - Level 10.0 Short Blades
 * Level 5.1 Dodging
 + Level 10.3 Stealth


You had 8 spell levels left.
You didn't know any spells.
Your spell library was empty.

Dungeon Overview and Level Annotations

Branches:
Dungeon (7/15)             Temple (0/1) D:4           Sewer (visited)

Altars:
Uskayaw
Vehumet
Yredelemnul
Zin

Shops:
D:4 !


Innate Abilities, Weirdness & Mutations

You cannot wear most types of armour.
You are amphibious.
You can wear up to eight rings at the same time.
Your skin changes colour to match your surroundings (Stealth+).
Your rubbery body absorbs attacks. (AC +1, EV +1)
((You are camouflaged near water. (Stealth+)))
You have tentacles for arms and can constrict up to eight enemies at once.


Message History

Your Dodging skill increases to level 5!
You feel a strong urge to attack something.
An orc comes into view. It is wielding a +0 club.
An orc comes into view. It is wielding a +0 whip.
The orc closely misses you.
The orc shouts! x2
You puncture the orc priest!
You kill the orc priest!
Trog accepts your kill.
An orc comes into view. It is wielding a +0 club.
The orc hits you from afar with a +0 trident!
Things that are here:
a +0 mace; an orc corpse You feel a strong urge to attack something.
You puncture the orc!
You kill the orc!
Trog accepts your kill.
An orc warrior comes into view. It is wielding a +0 long sword.
The orc shouts!
You feel a strong urge to attack something.
You are no longer berserk.
You are exhausted.
You feel yourself slow down. The orc barely misses you.
The orc hits you with a +0 whip. The orc misses you.
You see here 9 gold pieces.
You hit the orc. You drain the orc. You grab the orc.
The orc is heavily wounded.
You constrict the orc. The orc hits you with a +0 club.
As you read the scroll of teleportation, it crumbles to dust.
You feel strangely unstable.
You constrict the orc.
You kill the orc!
Trog accepts your kill. The orc hits you with a +0 club.
* * * LOW HITPOINT WARNING * * *
The orc hits you with a +0 club.
* * * LOW HITPOINT WARNING * * *
The orc hits you with a +0 club.
* * * LOW HITPOINT WARNING * * *
The orc warrior hits you with a +0 long sword!
You die...

##################### ####
#...!$............... #...
#...†................ #...
#.....)....)......... #...
#....:......).)...... #...
#.................... #...
#.......##.@)..####.. #...
###'######.ooo.##########...
#........#..$...#......#....
#........#..)...#......#....
#........#......#......'....
#....##.####...##......#....
#######.####...##......##...
#....#....##########...
#....#....#.......##...


You could see an orc warrior and 2 orcs.

Vanquished Creatures
  Prince Ribbit (D:5)
  Eustachio (D:4)
  A sky beast (D:4)
  2 black bears
  An ice beast (D:7)
  An orc warrior (D:7)
  An ogre (D:5)
  2 centaurs (D:7)
  2 kobold brigands
  2 bullfrogs
  A scorpion (D:6)
  2 water moccasin zombies
  A water moccasin skeleton (D:4)
  3 wights (D:6)
  A howler monkey (D:4)
  5 orc priests
  5 hounds
  2 bullfrog skeletons (D:5)
  Jessica (D:2)
  2 iguanas (D:6)
  9 orc wizards
  9 adders
  3 gnolls (D:5)
  2 river rats (Sewer)
  A shadow imp (D:5)
  3 worms
  2 dart slugs
  16 orcs
  6 ball pythons
  7 bats
  9 endoplasms
  12 giant cockroaches
  10 goblins
  8 hobgoblins
  11 jackals
  21 kobolds
  5 quokkas
  9 frilled lizards
  10 rats
  A spectral orc (D:3)
191 creatures vanquished.

Vanquished Creatures (others)
  8 plants (D:4)
  A withered plant (D:1)
9 creatures vanquished.

Grand Total: 200 creatures vanquished

Notes
Turn   | Place    | Note
-------+----------+-------------------------------------------
     0 | D:1      | Froggeryz the Octopode Berserker began the quest for the
                  | Orb.
     0 | D:1      | Reached XP level 1. HP: 16/16 MP: 1/1
    59 | D:1      | Reached skill level 1 in Stealth
   126 | D:1      | Reached XP level 2. HP: 21/21 MP: 2/2
   625 | D:1      | Reached XP level 3. HP: 26/26 MP: 3/3
   637 | D:1      | Reached ** piety under Trog
   792 | D:1      | Found a faded altar of an unknown god.
  1334 | D:2      | Reached XP level 4. HP: 23/31 MP: 4/4
  1711 | D:2      | Noticed Jessica
  1716 | D:2      | Killed Jessica
  1955 | D:3      | Reached XP level 5. HP: 34/36 MP: 5/5
  1974 | D:3      | Found a hide-covered altar of Uskayaw.
  2052 | D:3      | Reached skill level 5 in Short Blades
  2106 | D:3      | Reached *** piety under Trog
  2676 | D:3      | Found a radiant altar of Vehumet.
  2843 | D:3      | Found a basalt altar of Yredelemnul.
  2953 | D:4      | Reached XP level 6. HP: 9/42 MP: 6/6
  3120 | D:4      | Noticed Eustachio
  3254 | D:4      | Killed Eustachio
  3255 | D:4      | Reached skill level 5 in Stealth
  3281 | D:4      | Reached XP level 7. HP: 43/46 MP: 7/7
  3317 | D:4      | Found Ehotull's Distillery.
  3333 | D:4      | Bought a potion of heal wounds for 65 gold pieces
  3333 | D:4      | Bought a potion of might for 52 gold pieces
  3644 | D:4      | Found a staircase to the Ecumenical Temple.
  3722 | D:4      | Found a glowing silver altar of Zin.
  3811 | D:5      | Entered Level 5 of the Dungeon
  3997 | D:5      | Reached XP level 8. HP: 49/52 MP: 8/8
  4074 | D:5      | Found a glowing drain.
  4086 | Sewer    | Entered a sewer
  4098 | Sewer    | Reached **** piety under Trog
  4796 | D:5      | Noticed Prince Ribbit
  4799 | D:5      | Killed Prince Ribbit
  5282 | D:6      | Reached ***** piety under Trog
  5297 | D:6      | Reached XP level 9. HP: 29/56 MP: 9/9
  5672 | D:6      | Reached skill level 10 in Short Blades
  6775 | D:7      | Reached skill level 10 in Stealth
  6889 | D:7      | Reached skill level 5 in Dodging
  6901 | D:7      | Slain by an orc warrior

Illustrated notes

Levels and vault maps discovered:
D:1:      lemuel_arrival_rhombus, layout_basic,
          ebering_ecumenical_altar_petrified
D:2:      layout_loops_cross, minmay_indecisive_spiral, uniq_jessica
D:3:      layout_loops_ring, yredelemnul_forgotten_temple_becter,
          nicolae_overflow_crystal_walls, lemuel_tele_altar,
          minmay_fractal_squares_gapless_5
D:4:      layout_cave_pools, zin_treasury, minmay_temple_entry_fiery,
          serial_shops, shop, serial_bayou_pond_c, uniq_eustachio
D:5:      layout_rooms, gup_sewer_entry_pipe, uniq_prince_ribbit1
D:6:      layout_basic
D:7:      layout_gridville, kennysheep_mini_moat

Skill      XL: |  1  2  3  4  5  6  7  8  9 |
---------------+----------------------------+-----
Stealth        | 1 2 3 4 5 7 9 10 | 10.3
Short Blades   | 4 5 6 8 9 10 | 10.0
Dodging        | 5 |  5.1
Fighting       | |  3.0

Action                   |  1- 3 |  4- 6 |  7- 9 || total
-------------------------+-------+-------+-------++-------
Melee: Short sword       |    77 |    73 |       ||   150
       Constrict         |    15 |    26 |    44 ||    85
       Tentacles         |    18 |    21 |    60 ||    99
       Dagger            |       |    29 |   257 ||   286
Throw: Dart              |       |       |     3 ||     3
Invok: Trog's Hand       |       |     1 |     1 ||     2
       Berserk           |       |       |     5 ||     5
  Use: Scroll            |     2 |     4 |    10 ||    16
 Stab: Sleeping          |    10 |    14 |    24 ||    48
       Distracted        |     1 |       |     3 ||     4
Armor: Skin              |     4 |     4 |     7 ||    15
Dodge: Dodged            |    34 |    47 |   129 ||   210

Table legend: (Time is in decaauts)
 A = Elapsed time spent in this place.
 B = Non-inter-level travel time spent in this place.
 C = Inter-level travel time spent in this place.
 D = Time resting spent in this place.
 E = Time spent auto-exploring this place.
 F = Levels seen in this place.
 G = Mean time per level.
                   A        B        C        D        E       F      G
               +--------+--------+--------+--------+--------+-----+--------+
         Total |   6795 |   6705 |     90 |    756 |   4869 |   8 |  849.4 |
       Dungeon |   6455 |   6365 |     90 |    756 |   4651 |   7 |  922.1 |
         Sewer |    340 |    340 |      0 |      0 |    218 |   1 |  340.0 |
               +--------+--------+--------+--------+--------+-----+--------+

Top non-repeatable levels by time:
     D:6: 1383 daAuts
     D:1: 1082 daAuts
     D:3: 967 daAuts
     D:4: 967 daAuts
     D:2: 806 daAuts
     D:5: 805 daAuts
     D:7: 441 daAuts
   Sewer: 340 daAuts
